 Dungeon Crawl Stone Soup version 0.32-a0-42-ga30500b4d3 (webtiles) character file.

Game seed: 12592492553209258447

3 Atlas the Digger (level 1, -1/13 HPs)
             Began as a Demonspawn Earth Elementalist on Jan 31, 2024.
             Slain by a quokka (5 damage)
             ... on level 1 of the Dungeon.
             The game lasted 00:00:12 (86 turns).

Atlas the Digger (Demonspawn Earth Elementalist)      Turns: 86, Time: 00:00:13

Health: -1/13      AC:  2    Str:  8    XL:     1   Next: 41%
Magic:  1/3        EV: 12    Int: 15    God:
Gold:   0          SH:  0    Dex: 13    Spells: 3/4 levels left

rFire   . . .        (no weapon)
rCold   . . .        (no shield)
rNeg    . . .        a - +0 robe
rPois   .            (no helmet)
rElec   .            (no cloak)
rCorr   .            (no gloves)
SInv    .            (no boots)
Will    .....        (no amulet)
Stlth   ++           (no ring)
HPRegen 0.22/turn    (no ring)
MPRegen 0.08/turn

%: no passive effects
@: no status effects
A: no striking features
a: no special abilities


You were on level 1 of the Dungeon.
You visited 1 branch of the dungeon, and saw 1 of its levels.

Inventory:

Armour
 a - a +0 robe (worn)
Potions
 b - a potion of magic


   Skills:
 + Level 1.7 Dodging
 + Level 1.8 Stealth
 + Level 2.1 Spellcasting
 + Level 1.0 Conjurations
 + Level 2.8 Earth Magic


You had 3 spell levels left.
You knew the following spells:

 Your Spells              Type           Power      Damage    Failure   Level
a - Sandblast             Erth           18%        2d7       7%          1

Your spell library contained the following spells:

 Spells                   Type           Power      Damage    Failure   Level
 Passwall                 Erth           9%         N/A       22%         3
 Stone Arrow              Conj/Erth      14%        3d7       30%         3
 Brom's Barrelling Bould  Conj/Erth      7%         2d3       69%         4
 Petrify                  Alch/Erth      5%         N/A       77%         4


Dungeon Overview and Level Annotations

Branches:
Dungeon (1/15)

Altars:


Message History

A hobgoblin comes into view.
Found 10 gold pieces.
The hobgoblin shouts!
You hear an angry hiss.
The blast of sand hits the hobgoblin!
You kill the hobgoblin!
A quokka comes into view.
You can't see any susceptible monsters within range! (Use Z to cast anyway.)
You can't see any susceptible monsters within range! (Use Z to cast anyway.)
A quokka is nearby!
A frilled lizard and a ball python come into view.
The blast of sand misses the quokka.
The frilled lizard hisses angrily.
The blast of sand misses the quokka.
The quokka bites you.
You are out of magic!
You are out of magic!
Found a stone staircase leading down.
The quokka barely misses you. The quokka attacks as it pursues you!
The quokka barely misses you. The quokka bites you.
The quokka attacks as it pursues you! The quokka misses you.
The ball python attacks as it pursues you!
The ball python completely misses you. The ball python grabs you.
The ball python constricts you.
You escape the ball python's grasp.
The quokka barely misses you.
There is a stone staircase leading down here.
The blast of sand hits the ball python!
You kill the ball python!
The quokka barely misses you.
Unknown command.
You closely miss the quokka. The quokka closely misses you.
You are out of magic!
You hit the quokka but do no damage. The quokka bites you.
You miss the quokka. The quokka bites you.
You miss the quokka. The quokka bites you.
You miss the quokka. The quokka misses you. The quokka bites you.
You hit the quokka but do no damage. The quokka misses you.
You hit the quokka but do no damage. The quokka bites you.
You are too injured to fight recklessly!
The quokka bites you.
You die...

##.....# ♣♣...P♣.♣
...... ♣♣.♣♣♣.♣ #.....
♣.....♣ ###.... ♣♣♣♣♣.♣
#.....# ######'#
###$....########.#....#
...............#.#.##.#
###.....#......#.#.##.#
#.....#......#@#.##.####
###..........r>.........
#####.....####.##.####
#.....# #.##.#
###.######....#
#...†....## ########.#
#.. ..#


You could see a quokka.

Vanquished Creatures
  A hobgoblin (D:1)
  2 ball pythons (D:1)
  A bat (D:1)
4 creatures vanquished.

Notes
Turn   | Place    | Note
-------+----------+-------------------------------------------
     0 | D:1      | Atlas the Demonspawn Earth Elementalist began the quest for
                  | the Orb.
     0 | D:1      | Reached XP level 1. HP: 13/13 MP: 3/3
    86 | D:1      | Slain by a quokka

Illustrated notes

Levels and vault maps discovered:
D:1:      psy_arrival_fountain, layout_loops_ring, minmay_misc_feat_tower

Action                     || total
---------------------------++-------
  Melee: Unarmed           ||     7
   Cast: Sandblast         ||     6
 Armour: Robe              ||     8
  Dodge: Dodged            ||     9

Table legend: (Time is in decaauts)
 A = Elapsed time spent in this place.
 B = Non-inter-level travel time spent in this place.
 C = Inter-level travel time spent in this place.
 D = Time resting spent in this place.
 E = Time spent auto-exploring this place.
 F = Levels seen in this place.
 G = Mean time per level.
                   A        B        C        D        E       F      G
               +--------+--------+--------+--------+--------+-----+--------+
         Total |     89 |     89 |      0 |      0 |     54 |   1 |   89.0 |
       Dungeon |     89 |     89 |      0 |      0 |     54 |   1 |   89.0 |
               +--------+--------+--------+--------+--------+-----+--------+

Top non-repeatable levels by time:
     D:1: 89 daAuts
